General information
- name: BNet
- type: Ladder team game (AT/RT)
- host: Battle.net
- saver: BEAR_AND
map: Feralas
- players: 8
- length: 32:13
- speed: Fast
- version: 1.26 W3XP
- replay type:

» download(219 KB)
Players
team 1 (loser)
weedwarrior (
orange | 97 APM | 3117 actions | 32:10)
7 Warden
3 Shadow Strike
3 Blink
1 Spirit of Vengeance
» actions
| Assign group hotkey | 29 | |
| Basic commands | 41 | |
| Build / train | 67 | |
| Enter build submenu | 27 | |
| Enter hero's abilities submenu | 7 | |
| Remove unit from queue | 4 | |
| Right click | 2288 | |
| Select / deselect | 290 | |
| Select group hotkey | 266 | |
| Use ability | 98 | |
3117 total
» units
» upgrades
| Strength of the Wild | 3 | |
| Reinforced Hides | 3 | |
| Corrosive Breath | 1 | |
| Well Spring | 1 | |
8 total
» buildings
| Altar of Elders | 1 | |
| Moon Well | 9 | |
| Ancient of War | 1 | |
| Tree of Ages | 1 | |
| Ancient of Wind | 1 | |
| Hunter's Hall | 1 | |
| Tree of Eternity | 1 | |
| Tree of Life | 1 | |
| Chimaera Roost | 3 | |
19 total
» build order
00:10 Altar of Elders
00:20 Moon Well
01:40 Ancient of War
01:56 Moon Well
02:19 Tree of Ages
02:50 Moon Well
02:57 Moon Well
03:55 Moon Well
05:02 Ancient of Wind
05:20 Moon Well
05:22 Moon Well
06:13 Hunter's Hall
07:15 Tree of Eternity
07:19 Tree of Life
09:38 Chimaera Roost
09:41 Chimaera Roost
11:29 Moon Well
11:29 Moon Well
13:27 Chimaera Roost
» items

»
mazingga (
teal | 37 APM | 1193 actions | 32:10)
7 Keeper of the Grove
3 Entangling Roots
3 Thorns Aura
1 Tranquility
4 Priestess of the Moon
2 Searing Arrows
2 Trueshot Aura
» actions
| Basic commands | 13 | |
| Build / train | 101 | |
| Enter build submenu | 33 | |
| Enter hero's abilities submenu | 11 | |
| Give item / drop item | 1 | |
| Remove unit from queue | 2 | |
| Right click | 525 | |
| Select / deselect | 393 | |
| Use ability | 114 | |
1193 total
» units
| Wisp | 32 | |
| Huntress | 5 | |
| Hippogryph | 20 | |
| Chimaera | 9 | |
| Glaive Thrower | 2 | |
68 total
» upgrades
| Strength of the Wild | 2 | |
| Reinforced Hides | 1 | |
| Strength of the Moon | 2 | |
| Nature's Blessing | 1 | |
| Vorpal Blades | 1 | |
7 total
» buildings
| Moon Well | 8 | |
| Altar of Elders | 1 | |
| Hunter's Hall | 1 | |
| Ancient of War | 1 | |
| Ancient Protector | 14 | |
| Tree of Life | 3 | |
| Tree of Ages | 2 | |
| Tree of Eternity | 2 | |
| Ancient of Wind | 1 | |
| Ancient of Wonders | 1 | |
| Chimaera Roost | 2 | |
36 total
» build order
00:16 Moon Well
00:18 Altar of Elders
01:27 Hunter's Hall
01:55 Ancient of War
02:00 Moon Well
02:19 Moon Well
03:00 Moon Well
04:46 Ancient Protector
06:17 Tree of Life
06:24 Ancient Protector
06:27 Ancient Protector
07:20 Tree of Ages
07:26 Ancient Protector
07:31 Ancient Protector
07:36 Moon Well
07:41 Moon Well
09:28 Ancient Protector
10:28 Tree of Eternity
10:32 Ancient of Wind
10:49 Ancient of Wonders
11:05 Moon Well
12:21 Moon Well
13:20 Chimaera Roost
13:22 Chimaera Roost
14:17 Ancient Protector
14:26 Ancient Protector
15:09 Tree of Life
15:14 Ancient Protector
15:16 Ancient Protector
15:29 Ancient Protector
15:55 Tree of Ages
16:13 Ancient Protector
20:21 Tree of Eternity
24:24 Tree of Life
24:30 Ancient Protector
24:32 Ancient Protector
» items
| Orb of Venom | 1 | |
| Potion of Healing | 6 | |
| Scroll of Regeneration | 1 | |
| Scroll of Town Portal | 1 | |
9 total
patschn (
purple | 38 APM | 1215 actions | 32:10)
7 Mountain King
3 Storm Bolt
1 Thunder Clap
2 Bash
1 Avatar
5 Paladin
3 Holy Light
1 Devotion Aura
1 Divine Shield
» actions
| Basic commands | 12 | |
| Build / train | 106 | |
| Enter build submenu | 27 | |
| Enter hero's abilities submenu | 12 | |
| Give item / drop item | 3 | |
| Remove unit from queue | 3 | |
| Right click | 475 | |
| Select / deselect | 460 | |
| Use ability | 117 | |
1215 total
» units
| Peasant | 37 | |
| Footman | 2 | |
| Rifleman | 7 | |
| Mortar Team | 7 | |
53 total
» upgrades
| Gunpowder | 3 | |
| Masonry | 3 | |
| Lumber Harvesting | 2 | |
| Long Rifles | 1 | |
| Armor | 1 | |
| Fragmentation Shards | 1 | |
| Flare | 1 | |
12 total
» buildings
| Farm | 8 | |
| Altar of Kings | 1 | |
| Lumber Mill | 2 | |
| Arcane Vault | 1 | |
| Barracks | 1 | |
| Blacksmith | 1 | |
| Keep | 1 | |
| Town Hall | 3 | |
| Castle | 1 | |
| Workshop | 1 | |
| Arcane Sanctum | 1 | |
| Scout Tower | 5 | |
| Guard Tower | 2 | |
28 total
» build order
01:08 Farm
01:11 Altar of Kings
01:24 Lumber Mill
01:29 Arcane Vault
01:34 Barracks
02:16 Farm
02:23 Blacksmith
02:34 Farm
03:27 Farm
03:32 Keep
05:38 Town Hall
07:54 Castle
08:34 Workshop
10:02 Town Hall
10:20 Farm
11:57 Farm
12:43 Lumber Mill
14:32 Farm
14:35 Arcane Sanctum
14:41 Scout Tower
14:46 Scout Tower
15:00 Scout Tower
15:43 Guard Tower
15:47 Scout Tower
17:14 Guard Tower
17:17 Scout Tower
25:29 Town Hall
30:20 Farm
» items
| Scroll of Regeneration | 5 | |
| Lesser Clarity Potion | 2 | |
| Potion of Healing | 5 | |
| Orb of Fire | 3 | |
| Scroll of Town Portal | 5 | |
20 total

»
Kubrick (
red | 46 APM | 1496 actions | 32:10)
6 Archmage
3 Blizzard
2 Brilliance Aura
1 Mass Teleport
6 Paladin
3 Holy Light
3 Divine Shield
4 Mountain King
2 Storm Bolt
2 Bash
» actions
| Assign group hotkey | 45 | |
| Basic commands | 153 | |
| Build / train | 67 | |
| ESC pressed | 13 | |
| Enter build submenu | 29 | |
| Enter hero's abilities submenu | 16 | |
| Give item / drop item | 7 | |
| Right click | 509 | |
| Select / deselect | 256 | |
| Select group hotkey | 278 | |
| Use ability | 123 | |
1496 total
» units
| Peasant | 13 | |
| Footman | 4 | |
| Gryphon Rider | 9 | |
26 total
» upgrades
| Armor | 2 | |
| Lumber Harvesting | 2 | |
| Swords | 3 | |
| Storm Hammers | 1 | |
| Masonry | 1 | |
9 total
» buildings
| Altar of Kings | 1 | |
| Farm | 8 | |
| Scout Tower | 6 | |
| Arcane Tower | 1 | |
| Barracks | 1 | |
| Lumber Mill | 1 | |
| Keep | 1 | |
| Blacksmith | 1 | |
| Arcane Vault | 2 | |
| Castle | 1 | |
| Gryphon Aviary | 2 | |
| Guard Tower | 3 | |
| Town Hall | 4 | |
32 total
» build order
00:08 Altar of Kings
00:15 Farm
01:08 Farm
01:13 Scout Tower
01:41 Arcane Tower
01:53 Barracks
02:05 Lumber Mill
02:44 Farm
03:07 Keep
03:27 Blacksmith
03:42 Arcane Vault
03:52 Arcane Vault
05:12 Farm
05:28 Scout Tower
05:36 Castle
06:05 Farm
06:30 Gryphon Aviary
06:36 Gryphon Aviary
06:45 Farm
07:02 Guard Tower
08:10 Scout Tower
10:10 Guard Tower
13:12 Farm
13:18 Farm
16:19 Scout Tower
18:22 Scout Tower
18:23 Guard Tower
18:26 Scout Tower
19:57 Town Hall
25:29 Town Hall
27:25 Town Hall
28:16 Town Hall
» items
| Scroll of Regeneration | 2 | |
| Scroll of Town Portal | 3 | |
| Orb of Fire | 2 | |
7 total
team 2 (winner)

»
KimurA2 (
green | 36 APM | 976 actions | 27:14)
10 Shadow Hunter
3 Serpent Ward
3 Healing Wave
3 Hex
1 Big Bad Voodoo
» actions
| Build / train | 139 | |
| Enter build submenu | 27 | |
| Enter hero's abilities submenu | 10 | |
| Remove unit from queue | 3 | |
| Right click | 457 | |
| Select / deselect | 208 | |
| Use ability | 132 | |
976 total
» units
| Peon | 20 | |
| Grunt | 6 | |
| Troll Headhunter/Berserker | 16 | |
| Wind Rider | 35 | |
| Demolisher | 6 | |
83 total
» upgrades
| Pillage | 1 | |
| Backpack | 1 | |
| Melee Weapons | 1 | |
| Armor | 1 | |
| Ranged Weapons | 1 | |
| Spiked Barricades | 2 | |
| Berserker Upgrade | 1 | |
| Envenomed Spears | 1 | |
| Troll Regeneration | 1 | |
| Burning Oil | 1 | |
11 total
» buildings
| Altar of Storms | 1 | |
| Orc Burrow | 8 | |
| Barracks | 2 | |
| War Mill | 1 | |
| Voodoo Lounge | 1 | |
| Great Hall | 2 | |
| Watch Tower | 6 | |
| Stronghold | 2 | |
| Fortress | 1 | |
| Beastiary | 2 | |
26 total
» build order
00:30 Altar of Storms
00:46 Orc Burrow
01:00 Barracks
01:34 War Mill
01:55 Orc Burrow
02:18 Voodoo Lounge
03:26 Orc Burrow
04:55 Great Hall
05:01 Watch Tower
05:04 Watch Tower
05:06 Watch Tower
05:10 Orc Burrow
06:27 Watch Tower
06:30 Watch Tower
06:34 Watch Tower
08:11 Orc Burrow
08:14 Stronghold
08:14 Stronghold
08:55 Barracks
09:51 Orc Burrow
10:37 Fortress
11:11 Beastiary
11:14 Beastiary
11:59 Orc Burrow
16:37 Orc Burrow
22:55 Great Hall
» items
| Scroll of Speed | 8 | |
| Potion of Healing | 6 | |
| Healing Salve | 3 | |
| Scroll of Town Portal | 4 | |
21 total
ballbuster (
blue | 49 APM | 1398 actions | 28:42)
5 Tauren Chieftain
2 War Stomp
3 Endurance Aura
4 Shadow Hunter
2 Hex
2 Healing Wave
» actions
| Assign group hotkey | 19 | |
| Build / train | 83 | |
| Enter build submenu | 30 | |
| Enter hero's abilities submenu | 9 | |
| Right click | 362 | |
| Select / deselect | 327 | |
| Select group hotkey | 418 | |
| Use ability | 150 | |
1398 total
» units
| Peon | 13 | |
| Grunt | 8 | |
| Raider | 4 | |
| Tauren | 5 | |
| Troll Batrider | 14 | |
44 total
» upgrades
| Melee Weapons | 2 | |
| Armor | 2 | |
| Pillage | 1 | |
| Berserker Strength | 1 | |
| Reinforced Defenses | 1 | |
| Ensnare | 1 | |
| Pulverize | 1 | |
| Liquid Fire | 1 | |
| Ranged Weapons | 1 | |
11 total
» buildings
| Barracks | 1 | |
| Orc Burrow | 9 | |
| Altar of Storms | 1 | |
| Voodoo Lounge | 1 | |
| Stronghold | 1 | |
| War Mill | 1 | |
| Great Hall | 2 | |
| Fortress | 1 | |
| Beastiary | 3 | |
| Watch Tower | 10 | |
| Tauren Totem | 2 | |
32 total
» build order
00:26 Barracks
00:39 Orc Burrow
01:00 Altar of Storms
01:25 Orc Burrow
02:02 Orc Burrow
02:33 Voodoo Lounge
04:56 Stronghold
05:36 War Mill
06:13 Great Hall
06:30 Orc Burrow
10:14 Fortress
10:34 Orc Burrow
10:40 Orc Burrow
11:10 Beastiary
11:11 Beastiary
11:51 Watch Tower
11:52 Watch Tower
12:55 Tauren Totem
12:55 Tauren Totem
13:59 Watch Tower
14:03 Watch Tower
14:30 Orc Burrow
14:36 Orc Burrow
15:58 Orc Burrow
16:24 Watch Tower
24:25 Watch Tower
24:26 Watch Tower
24:29 Watch Tower
24:32 Watch Tower
25:23 Watch Tower
26:57 Great Hall
27:27 Beastiary
» items
| Lesser Clarity Potion | 5 | |
| Healing Salve | 5 | |
| Scroll of Town Portal | 4 | |
| Orb of Lightning | 1 | |
15 total
BEAR_AND (
pink | 88 APM | 2821 actions | 32:13)
5 Death Knight
2 Death Coil
3 Death Pact
» actions
| Assign group hotkey | 5 | |
| Basic commands | 9 | |
| Build / train | 116 | |
| Enter build submenu | 32 | |
| Enter hero's abilities submenu | 5 | |
| Remove unit from queue | 14 | |
| Right click | 2042 | |
| Select / deselect | 320 | |
| Select group hotkey | 195 | |
| Use ability | 83 | |
2821 total
» units
» buildings
| Altar of Darkness | 2 | |
| Crypt | 1 | |
| Ziggurat | 37 | |
| Graveyard | 1 | |
| Tomb of Relics | 1 | |
| Necropolis | 1 | |
| Spirit Tower | 17 | |
| Halls of the Dead | 1 | |
61 total
» build order
00:08 Altar of Darkness
00:10 Crypt
00:13 Ziggurat
00:54 Altar of Darkness
01:22 Ziggurat
01:31 Graveyard
01:54 Tomb of Relics
02:23 Ziggurat
04:24 Ziggurat
04:56 Necropolis
05:46 Ziggurat
05:49 Ziggurat
05:50 Ziggurat
05:53 Ziggurat
06:53 Ziggurat
06:56 Ziggurat
06:58 Ziggurat
06:58 Ziggurat
07:15 Ziggurat
07:18 Ziggurat
07:22 Ziggurat
07:55 Spirit Tower
07:56 Spirit Tower
07:56 Spirit Tower
07:57 Spirit Tower
08:07 Spirit Tower
09:50 Spirit Tower
11:08 Ziggurat
11:09 Ziggurat
11:10 Ziggurat
12:58 Ziggurat
12:59 Ziggurat
13:00 Ziggurat
13:01 Ziggurat
13:02 Ziggurat
13:03 Ziggurat
13:05 Ziggurat
13:54 Spirit Tower
13:55 Spirit Tower
13:58 Spirit Tower
14:19 Spirit Tower
14:35 Ziggurat
14:35 Ziggurat
14:37 Ziggurat
14:39 Ziggurat
14:43 Ziggurat
14:44 Ziggurat
15:06 Ziggurat
15:10 Ziggurat
15:17 Ziggurat
16:03 Spirit Tower
16:03 Spirit Tower
16:27 Spirit Tower
17:13 Spirit Tower
17:55 Spirit Tower
18:31 Halls of the Dead
20:23 Spirit Tower
29:33 Ziggurat
29:46 Ziggurat
29:49 Ziggurat
scooby_doo (
yellow | 32 APM | 731 actions | 22:36)
3 Blademaster
1 Wind Walk
2 Critical Strike
» actions
| Build / train | 50 | |
| Enter build submenu | 28 | |
| Enter hero's abilities submenu | 3 | |
| Right click | 385 | |
| Select / deselect | 201 | |
| Use ability | 64 | |
731 total
» units
| Peon | 15 | |
| Troll Batrider | 7 | |
| Wind Rider | 4 | |
| Shaman | 5 | |
31 total
» upgrades
| Spiked Barricades | 1 | |
| Shaman Training | 2 | |
| Ranged Weapons | 2 | |
| Reinforced Defenses | 1 | |
| Liquid Fire | 1 | |
| Armor | 1 | |
8 total
» buildings
| Altar of Storms | 1 | |
| Orc Burrow | 8 | |
| Voodoo Lounge | 1 | |
| War Mill | 1 | |
| Watch Tower | 10 | |
| Stronghold | 1 | |
| Great Hall | 2 | |
| Beastiary | 2 | |
| Spirit Lodge | 1 | |
| Fortress | 1 | |
28 total
» build order
00:10 Altar of Storms
00:13 Orc Burrow
01:08 Voodoo Lounge
01:25 War Mill
03:03 Orc Burrow
03:33 Watch Tower
03:51 Watch Tower
03:56 Watch Tower
04:00 Watch Tower
04:06 Watch Tower
04:09 Stronghold
04:16 Orc Burrow
05:47 Great Hall
05:54 Watch Tower
05:57 Watch Tower
06:00 Watch Tower
06:43 Beastiary
07:10 Beastiary
08:02 Spirit Lodge
08:06 Orc Burrow
08:49 Fortress
13:15 Watch Tower
15:14 Orc Burrow
15:59 Orc Burrow
16:05 Watch Tower
19:39 Orc Burrow
20:32 Great Hall
20:57 Orc Burrow
» items
| Healing Salve | 2 | |
| Lesser Clarity Potion | 2 | |
| Orb of Lightning | 1 | |
5 total
Chat log
(00:21 / All) Kubrick: had to brign this shit map back?
(00:22 / All) BEAR_AND: whats this map?
(00:26 / All) BEAR_AND: why is it this map?
(00:32 / Allies) ballbuster: 3 orcs,
(00:32 / All) BEAR_AND: why did we get this map?
(00:33 / Allies) ballbuster: rush
(00:37 / Allies) scooby_doo: yes rush
(00:37 / Allies) KimurA2: k
(00:39 / All) Kubrick: some crap from when the game launched
(00:40 / Allies) BEAR_AND: im not rushing
(00:43 / Allies) KimurA2: rush
(00:50 / All) BEAR_AND: why are we playing on it?
(00:59 / Allies) scooby_doo: why ask why
(01:03 / All) scooby_doo: why ask why
(01:03 / All) Kubrick: latter reset and new maps i guess
(01:11 / All) BEAR_AND: who made us play on this map??
(01:16 / All) BEAR_AND: it's hack?
(01:19 / All) Kubrick: blizzard...
(01:51 / Allies) ballbuster: heros?
(01:54 / Allies) scooby_doo: yes
(01:55 / Allies) BEAR_AND: yes
(02:06 / Allies) ballbuster: good
(02:08 / Allies) scooby_doo: always numb nuts
(02:08 / Allies) ballbuster: which ones?
(02:12 / Allies) BEAR_AND: ud hero
(02:16 / Allies) BEAR_AND: the main one
(02:46 / All) BEAR_AND: why are we put on this map?
(04:20 / Allies) BEAR_AND: im coming for the hero's rush
(04:34 / Allies) ballbuster: its a rush not hero rush
(04:45 / Allies) BEAR_AND: slow yellow. i already have xpo
(04:50 / Allies) BEAR_AND: let me help u little baby
(05:45 / Allies) ballbuster: meet
(08:10 / Allies) ballbuster: omw green
(09:48 / Allies) scooby_doo: repair
(11:53 / Allies) BEAR_AND: ha thats a deny like from dota 2
(13:57 / Allies) scooby_doo: hitting teal
(14:56 / All) BEAR_AND: dude you got batted
(14:59 / All) BEAR_AND: in the year 2015
(15:00 / All) BEAR_AND: lol
(15:12 / All) Kubrick: i love how pink talsk shit and has ghousl so far
(15:33 / All) BEAR_AND: i got more than ghouls mother fucker
(18:13 / Allies) KimurA2: tp
(18:14 / Allies) scooby_doo: help
(18:40 / Allies) ballbuster: we lose
(18:44 / Allies) ballbuster: gj pink
(19:03 / Allies) ballbuster: almost unbeatable setup
(19:34 / All) Kubrick: leave me to die lol oj
(19:52 / All) BEAR_AND: paladin ghost
(20:02 / All) BEAR_AND: can you tell me how to see paladin ghost? or do a drawing of it?
(20:03 / Allies) KimurA2: tp noobs
(20:31 / Allies) ballbuster: i am not tping to pink
(20:41 / All) BEAR_AND: any drawings or websites of the paladin ghost?
(20:41 / Allies) KimurA2: pink units retarded
(20:52 / Allies) ballbuster: he has no units
(20:57 / Allies) BEAR_AND: im 85 food mother fucker
(21:15 / All) BEAR_AND: everyone get in the vault
(21:21 / Allies) ballbuster: acos dont count
(21:31 / Allies) BEAR_AND: they count towards 40% income
(22:07 / Allies) scooby_doo: they have air dimwhit
(22:15 / Allies) BEAR_AND: cheamps
(22:38 / All) BEAR_AND: where are there drawings or pictures of paladin ghost? wearing modern clothing
(22:50 / Allies) BEAR_AND: tp
(22:56 / Allies) ballbuster: na
(23:02 / All) BEAR_AND: quick get in the vault
(23:26 / All) BEAR_AND: can anyone here draw a paladin ghost
(23:36 / All) BEAR_AND: wearing jeans and a tshirt saying "led zeppelin"
(23:37 / All) BEAR_AND: ?
(23:48 / All) Kubrick: you got chimemd bro
(23:50 / All) Kubrick: in 2015
(24:05 / Allies) BEAR_AND: chimpera are modern units
(24:27 / Allies) BEAR_AND: its completely respectable to get chemed in 2015
(25:11 / All) Kubrick: Why purple
(25:17 / All) BEAR_AND: im pink
(26:05 / All) BEAR_AND: everyone's in the vault
(27:00 / All) BEAR_AND: why did we get this weird map?
(27:04 / Allies) KimurA2: pink , blue and yelow
(27:10 / Allies) KimurA2: 3 idiots noobs
(27:19 / All) BEAR_AND: green was
(27:23 / All) BEAR_AND: green was upset
(28:03 / All) BEAR_AND: i need to find mroe pictures of paladins ghost in modern day americna clothes
(28:08 / All) BEAR_AND: can anyone helP
(28:30 / All) BEAR_AND: i will pay
(28:52 / All) Kubrick: ty for suckign pink lol
(29:15 / All) BEAR_AND: yw now do you have any pictures or drawings of paladin ghosts?
(29:50 / All) Kubrick: you even try pink?
(29:59 / All) BEAR_AND: i made 2 vaults this game
(30:04 / All) BEAR_AND: its a good game for me, i think
(30:11 / All) Kubrick: this isnt tower defense noob
(30:19 / All) BEAR_AND: or do you mean try to find drawings of paladin ghost in modern clothes?
(30:25 / All) BEAR_AND: i google search that every day
(30:25 / All) Kubrick: and i squlegched you long ago so dotn talk lol
(31:01 / All) Kubrick: lol only towers
(31:45 / All) BEAR_AND: vaults werent good enough i guess....i will try again next game
(32:01 / All) Kubrick: he still talking
(32:04 / All) BEAR_AND: yes
(32:06 / All) Kubrick: i squlched him its sad
(32:09 / All) Kubrick: learnt to play